 Dungeon Crawl Stone Soup version 0.29.0-4-gdea44cf6ec (webtiles) character file.

Game seed: 16199840417914863260

81 qw the Ruffian (level 4, -1/35 HPs)
             Began as a Ghoul Fire Elementalist on Aug 29, 2022.
             Slain by a gnoll
             ... wielding a +0 spear
              (3 damage)
             ... on level 3 of the Dungeon.
             The game lasted 00:01:53 (2591 turns).

qw the Ruffian (Ghoul Fire Elementalist)            Turns: 2591, Time: 00:01:54

Health: -1/35      AC:  8    Str: 13    XL:     4   Next: 42%
Magic:  5/5        EV:  5    Int: 10    God:
Gold:   69         SH:  0    Dex:  9    Spells: 5/6 levels left

rFire   . . .      SeeInvis .     - Unarmed
rCold   + . .      Faith    .   (no shield)
rNeg    + + +      Spirit   .   d - +0 chain mail
rPois   inf        Reflect  .   (no helmet)
rElec   .          Harm     .   (no cloak)
rCorr   .          Rampage  .   (no gloves)
Will    .....                   (no boots)
Stlth   ..........              (no amulet)
HPRegen 0.00/turn               (no ring)
MPRegen 0.09/turn               (no ring)

@: about to teleport, inhibited regen
A: claws 1, cold resistance 1, negative energy resistance 3, inhibited
regeneration, torment resistance 2, devour on kill
a: no special abilities


You were on level 3 of the Dungeon.
You visited 1 branch of the dungeon, and saw 3 of its levels.

You collected 69 gold pieces.


Innate Abilities, Weirdness & Mutations

You are immune to poison.
You have sharp fingernails.
Your flesh is cold resistant. (rC+)
You are immune to negative energy. (rN+++)
You do not regenerate when monsters are visible.
You are immune to unholy pain and torment.
You thrive by killing the living.


   Skills:
 + Level 1.1 Fighting
 - Level 1.7 Dodging
 - Level 2.1 Stealth
 - Level 4.0 Unarmed Combat
 - Level 1.7 Spellcasting
 - Level 0.7 Conjurations
 - Level 2.4 Fire Magic


You had 5 spell levels left.
You knew the following spells:

 Your Spells              Type           Power      Damage    Failure   Level
a - Foxfire               Conj/Fire      16%        2x1d4     99%         1

Your spell library contained the following spells:

 Spells                   Type           Power      Damage    Failure   Level
 Scorch                   Fire           10%        2d5       100%        2
 Conjure Flame            Conj/Fire      4%         6-21      100%        3
 Inner Flame              Hex/Fire       3%         N/A       100%        3
 Flame Wave               Conj/Fire      4%         2d5       100%        4

Inventory:

Missiles
 c - 4 boomerangs (quivered)
Armour
 d - a +0 chain mail (worn)
Scrolls
 e - a scroll of teleportation
Potions
 f - a potion of might {unknown}
 g - a potion of mutation {unknown}
 i - a potion of flight {unknown}

Dungeon Overview and Level Annotations

Branches:
Dungeon (3/15)

Altars:


Message History

The gnoll shouts!
The gnoll barely misses you.
A gnoll comes into view. It is wielding a +0 club.
You scratch the gnoll.
The gnoll is lightly wounded.
The gnoll barely misses you.
You barely miss the gnoll.
The gnoll is lightly wounded.
A gnoll comes into view. It is wielding a +0 flail.
The gnoll hits you with a +0 club.
The gnoll hits you from afar with a +0 halberd.
The gnoll shouts!
You scratch the gnoll.
The gnoll is heavily wounded.
You hear a shout!
The gnoll hits you with a +0 club.
The gnoll hits you from afar with a +0 halberd.
You scratch the gnoll.
The gnoll is heavily wounded.
The gnoll hits you from afar with a +0 spear.
The gnoll hits you with a +0 club. The gnoll hits you but does no damage.
You scratch the gnoll.
You kill the gnoll!
You feel better. The gnoll closely misses you.
The gnoll hits you from afar with a +0 halberd!
Your Unarmed Combat skill increases to level 4!
You claw the gnoll!
The gnoll is heavily wounded.
A gnoll comes into view. It is wielding a +0 club.
The gnoll hits you from afar with a +0 spear.
The gnoll hits you from afar with a +0 halberd.
The gnoll hits you but does no damage.
2591 ||| READING 2 scrolls of teleportation.
As you read the scroll of teleportation, it crumbles to dust.
You feel strangely unstable. The gnoll hits you but does no damage.
The gnoll hits you from afar with a +0 halberd.
The gnoll hits you from afar with a +0 spear.
You die...

.# .# .# .#
##########.#
#..........#
##.######..#
#.# #..# #.#
#@)# #.#
#.g# #.#


#gggg #.# #.>.g.. #.# #.##.### #.# #.. .. #.######g. ... #....%.#.. ... ######.#
You could see 7 gnolls.

Vanquished Creatures
  A gnoll (D:3)
  An adder (D:2)
  4 dart slugs
  A worm (D:2)
  6 endoplasms
  4 giant cockroaches
  5 goblins
  5 hobgoblins
  4 jackals (D:1)
  4 quokkas
  4 ball pythons
  4 bats
  3 frilled lizards
  A kobold (D:1)
  3 rats
50 creatures vanquished.

Notes
Turn   | Place    | Note
-------+----------+-------------------------------------------
     0 | D:1      | qw the Ghoul Fire Elementalist began the quest for the Orb.
     0 | D:1      | Reached XP level 1. HP: 14/14 MP: 2/2
     0 | D:1      | 0 ||| qw: Version: 0.1-a-90-g952f4b7
     0 | D:1      | 0 ||| qw: Game counter: 4130
     0 | D:1      | 0 ||| qw: Always use a shield: true
     0 | D:1      | 0 ||| qw: God list: Okawaru
     0 | D:1      | 0 ||| qw: Allow faded altars: false
     0 | D:1      | 0 ||| qw: Do Orc after D:15 true
     0 | D:1      | 0 ||| qw: Do second Lair branch before Depths: true
     0 | D:1      | 0 ||| qw: Lair rune preference: random
     0 | D:1      | 0 ||| qw: Plans: Normal
     0 | D:1      | 0 ||| PLANNING D:1-11
    64 | D:1      | Reached skill level 1 in Unarmed Combat
    80 | D:1      | Found a faded altar of an unknown god.
   153 | D:1      | Reached XP level 2. HP: 22/22 MP: 3/3
   206 | D:1      | Reached skill level 1 in Fighting
   406 | D:1      | 406 ||| Stepping ~*~*~tactically~*~*~ (hiding).
   508 | D:1      | 508 ||| Stepping ~*~*~tactically~*~*~ (hiding).
   522 | D:1      | 522 ||| Stepping ~*~*~tactically~*~*~ (hiding).
   624 | D:1      | 624 ||| Stepping ~*~*~tactically~*~*~ (hiding).
   726 | D:1      | 726 ||| Stepping ~*~*~tactically~*~*~ (hiding).
   731 | D:1      | 731 ||| Stepping ~*~*~tactically~*~*~ (hiding).
  1045 | D:1      | Reached skill level 2 in Unarmed Combat
  1118 | D:1      | 1118 ||| Stepping ~*~*~tactically~*~*~ (stealth).
  1120 | D:1      | 1120 ||| Stepping ~*~*~tactically~*~*~ (stealth).
  1446 | D:1      | Reached XP level 3. HP: 27/28 MP: 4/4
  1540 | D:1      | 1540 ||| UPGRADING to +0 chain mail.
  1550 | D:1      | 1550 ||| DROPPING +0 robe.
  1551 | D:1      | 1551 ||| READING scroll labelled WAISHR FYSAI.
  1552 | D:1      | 1552 ||| READING scroll labelled WOOPAE UHAN VOHEF.
  1555 | D:1      | 1555 ||| DROPPING potion of magic.
  1597 | D:2      | 1597 ||| STAIRDANCE
  1609 | D:2      | 1609 ||| STAIRDANCE
  1620 | D:2      | 1620 ||| STAIRDANCE
  1705 | D:2      | 1705 ||| Stepping ~*~*~tactically~*~*~ (hiding).
  1842 | D:2      | 1842 ||| Stepping ~*~*~tactically~*~*~ (hiding).
  1843 | D:2      | 1843 ||| Stepping ~*~*~tactically~*~*~ (hiding).
  1850 | D:2      | Reached skill level 3 in Unarmed Combat
  2056 | D:2      | Reached XP level 4. HP: 35/35 MP: 5/5
  2069 | D:2      | 2069 ||| Stepping ~*~*~tactically~*~*~ (stealth).
  2085 | D:2      | 2085 ||| Stepping ~*~*~tactically~*~*~ (stealth).
  2488 | D:2      | 2488 ||| READING scroll labelled PUTIGR EFEPOSU.
  2489 | D:2      | 2489 ||| READING scroll labelled AGAHINKIUFA.
  2490 | D:2      | 2490 ||| READING scroll labelled LYPTIRPH FOLAA.
  2590 | D:3      | Reached skill level 4 in Unarmed Combat
  2590 | D:3      | HP: 7/35 [gnoll/+0 halberd (6)]
  2591 | D:3      | 2591 ||| READING 2 scrolls of teleportation.
  2591 | D:3      | HP: 2/35 [gnoll/+0 halberd (5)]
  2591 | D:3      | Slain by a gnoll

Levels and vault maps discovered:
D:1:      lemuel_arrival_cross, layout_basic,
          dreamdust_ecumenical_altar_statues, minmay_tromino_v2
D:2:      layout_loops_ring, minivault_24
D:3:      layout_basic, okawaru_trees_1, serial_shops, shop

Skill      XL: |  1  2  3  4 |
---------------+-------------+-----
Unarmed Combat | 1 2 3 4 |  4.0
Fighting       | 1 |  1.1
Dodging        | |  1.7
Stealth        | |  2.1
Spellcasting   | |  1.7
Conjurations   | |  0.7
Fire Magic     | |  2.4

Action                   |  1- 3 |  4- 6 || total
-------------------------+-------+-------++-------
Melee: Unarmed           |   120 |    43 ||   163
       Punch             |     1 |     1 ||     2
Throw: Boomerang         |     5 |     9 ||    14
  Use: Scroll            |     2 |     4 ||     6
Armor: Robe              |    10 |       ||    10
       Chain mail        |    42 |    19 ||    61
Dodge: Dodged            |    39 |    11 ||    50

Table legend:
 A = Non-vault XP
 B = Vault XP
 C = Vault XP percentage of total XP
 D = Non-vault monster count
 E = Vault monster count
 F = Vault count percentage of total count
                 A         B        C        D         E       F
            +---------+---------+-------+---------+---------+-------
      Total |     116 |       1 |   0.9 |      49 |       1 |   2.0
            +---------+---------+-------+---------+---------+-------
        D:1 |      41 |       1 |   2.4 |      22 |       1 |   4.3
        D:2 |      57 |       0 |   0.0 |      23 |       0 |   0.0
        D:3 |      18 |       0 |   0.0 |       4 |       0 |   0.0
            +---------+---------+-------+---------+---------+-------
